cohdb
Replays
Latest Replays
All Replays
Popular Replays
Top Player Replays
Match Explorer
How It Works
Community
CoH3 Stats
Reddit
Sign in to upload your games and track your stats! →
Sign in with Steam
Migano Submit, why its layout is terrible. (200+ stolen fuel)
Match 21079448
Overview
Messages
Build Orders
End
Panzergrenadier Squad
Selects Battlefield Espionage Battlegroup
Selects Sector Subterfuge Beacon
Panzergrenadier Squad
Panzergrenadier Squad
Construct Light Support Kompanie
Assault Grenadier Squad
Selects Transfer Depots
Assault Mechanized Group
Construct Mechanized Kompanie
Construct Mechanized Kompanie
Support Armor Elements
Selects Disruption Operation
StuG III D Assault Gun
StuG III D Assault Gun
Emergency Repair Kits
StuG III D Assault Gun
StuG III D Assault Gun
Vehicle Survival Package
Selects 250/3 Funkpanzerwagen
Selects Anti-Tank Incendiary Munitions
Disruption Operation
Selects Operation Skorpion
Operation Skorpion
StuG III D Assault Gun
StuG III D Assault Gun
Mister "Generic"
777
FriedJared
Wellington
Philosoporaptor
Rolling9Deep
0
0
Comments
sign in to comment!
No comments posted yet!